Map: Zenith

Players

Cheater 7 (Insane)

  • Race: Protoss Protoss
  • Spawn Location: 5:00

Cheater 6 (Insane)

  • Race: Protoss Protoss
  • Spawn Location: 5:00

Cheater 5 (Insane)

  • Race: Terran Terran
  • Spawn Location: 3:00

Cheater 4 (Insane)

  • Race: Zerg Zerg
  • Spawn Location: 6:00

ChubbyMom - Winner!

  • Race: Terran Terran
  • Spawn Location: 12:00

Chubbyoda - Winner!

  • Race: Protoss Protoss
  • Spawn Location: 9:00

Solo - Winner!

  • Race: Protoss Protoss
  • Spawn Location: 9:00

AuhAuh - Winner!

  • Race: Terran Terran
  • Spawn Location: 11:00

VOD

Have the link to the VOD?

Description

Time

  • Played on: Nov. 25, 2022, 12:20 a.m.
  • Length: 22:18
Show
View Real Time Build Order
Export as new Build Order

Cheater 7 (Insane) Protoss 

Build Orders: Mass Adepts, Zealot Archon 

Get SALT Encoding   

  12  0:01  Probe  
  13  0:13  Probe  
  14  0:20  Pylon  
  14  0:25  Probe  
  15  0:34  Probe  
  15  0:42  Assimilator, Probe  
  16  0:46  Gateway  
  17  0:52  Probe  
  17  0:54  Pylon  
  18  1:00  Probe  
  19  1:08  Probe  
  20  1:18  Probe  
  20  1:23  Gateway  
  21  1:30  Probe  
  21  1:32  Pylon  
  22  1:35  Zealot  
  22  1:38  Cybernetics Core  
  24  1:42  Probe  
  25  1:55  Probe, Zealot  
  26  2:03  Gateway  
  26  2:07  Probe  
  29  2:10  Gateway  
  29  2:15  Adept, Warp Gate  
  31  2:19  Adept  
  31  2:20  Probe  
  34  2:24  Pylon  
  34  2:44  Adept  
  34  2:45  Pylon  
  34  2:49  Adept x2  
  40  2:56  Adept  
  42  3:05  Adept  
  42  3:06  Pylon  
  42  3:19  Adept x2  
  48  3:22  Pylon  
  48  3:24  Forge, Assimilator  
  48  3:26  Adept  
  50  3:35  Adept  
  52  3:42  Twilight Council  
  52  3:49  Adept x2  
  52  3:52  Adept  
  56  4:01  Photon Cannon  
  58  4:05  Pylon  
  58  4:06  Probe  
  58  4:07  Photon Cannon  
  59  4:13  Adept  
  59  4:18  Probe  
  52  4:24  Templar Archives  
  52  4:26  Zealot  
  52  4:27  Zealot  
  52  4:28  Zealot  
  44  4:42  Zealot  
  44  4:45  Zealot  
  46  4:47  Zealot x2  
  48  4:56  Probe  
  46  5:02  Sentry  
  46  5:04  Forge  
  46  5:05  High Templar  
  46  5:07  High Templar, Adept  
  50  5:12  Probe  
  52  5:20  Robotics Facility  
  48  5:25  Zealot  
  48  5:26  Archon  
  48  5:27  Zealot, Probe  
  44  5:32  Stalker  
  42  5:37  High Templar  
  42  5:40  Probe  
  44  5:45  Zealot  
  44  5:47  Zealot  
  44  5:52  Zealot  
  36  6:05  Zealot  
  36  6:07  Zealot  
  36  6:09  High Templar, Nexus  
  36  6:10  Observer  
  43  6:12  Zealot  
  43  6:15  Probe  
  45  6:25  Zealot x2  
  47  6:32  Zealot  
  51  6:38  Zealot  
  53  6:41  High Templar  
  55  6:51  Gateway  
  55  6:53  Zealot x2, Archon  
  59  6:57  Zealot  
  61  7:01  Pylon  
  61  7:13  High Templar, Zealot  
  61  7:14  Zealot  
  67  7:17  Zealot  
  67  7:22  Probe x2  
  71  7:30  Adept  
  71  7:34  Immortal, Zealot, Probe  
  71  7:35  Probe  
  79  7:37  Pylon  
  79  7:38  Zealot x2  
  77  7:44  Stalker, Zealot  
  77  7:46  Probe  
  77  7:47  Probe  
  77  7:50  Assimilator  
  67  7:54  Stalker  
  67  7:56  Zealot  
  67  7:58  High Templar, Probe  
  60  7:59  Probe  
  60  8:05  Adept  
  43  8:07  Sentry  
  43  8:10  Assimilator, Probe  
  43  8:12  Probe  
  45  8:16  Zealot, Nexus  
  45  8:17  Adept  
  45  8:19  Probe  
  49  8:25  Stalker  
  51  8:29  Probe  
  51  8:30  High Templar, Zealot  
  54  8:35  Probe  
  54  8:36  Zealot  
  54  8:37  Stalker  
  54  8:40  Probe  
  59  8:41  Zealot  
  59  8:45  Observer  
  59  8:47  Probe  
  62  8:50  Sentry  
  62  8:53  Probe  
  58  8:56  Stalker  
  58  8:58  Zealot  
  58  8:59  Probe  
  58  9:00  Stalker  
  57  9:02  Zealot  
  57  9:08  Probe  
  56  9:11  Probe  
  56  9:13  High Templar  
  51  9:18  Stalker, Probe  
  51  9:19  Adept  
  51  9:23  High Templar, Stalker  
  54  9:31  Probe  
  53  9:37  Probe  
  49  9:39  Stalker  
  49  9:40  Sentry, Probe x2  
  49  9:41  Adept  
  52  9:49  Probe  
  52  9:50  High Templar, Archon  
  55  9:53  Probe x2  
  55  9:58  High Templar  
  57  10:01  Probe  
  57  10:03  Stalker  
  57  10:05  Probe  
  57  10:06  Probe  
  60  10:12  Stalker  
  60  10:13  Probe  
  63  10:17  Probe  
  63  10:18  Probe  
  63  10:23  Stalker  
  63  10:24  High Templar, Archon  
  63  10:25  Probe  
  63  10:26  Probe  
  67  10:29  Probe  
  67  10:31  High Templar  
  70  10:35  Probe  
  70  10:37  Stalker, Probe  
  70  10:38  Sentry  
  70  10:42  Probe  
  75  10:47  Zealot  
  75  10:49  Probe  
  78  10:50  Zealot  
  78  10:51  Probe  
  78  10:54  Probe  
  78  10:56  Sentry  
  74  11:00  Adept  
  74  11:01  Probe  
  74  11:02  High Templar  
  55  11:07  High Templar  
  55  11:09  Zealot  
  45  11:17  Probe  
  47  11:18  Probe  
  47  11:19  Probe  
  47  11:20  Stalker, Zealot  
  51  11:25  Archon  
  51  11:27  Probe  
  51  11:30  Sentry, Probe  
  55  11:33  Probe  
  55  11:34  High Templar  
  55  11:35  Probe  
  55  11:39  High Templar  
  61  11:40  Zealot, Adept  
  61  11:42  Probe  
  61  11:43  Probe  
  67  11:48  Probe, Zealot  
  67  11:53  Stalker  
  72  11:54  Probe  
  72  11:56  Probe  
  72  11:57  Archon  
  72  12:00  Probe, Zealot  
  74  12:03  Zealot  
  74  12:07  Probe, Zealot  
  77  12:08  Probe  
  77  12:11  High Templar  
  77  12:12  Probe  
  79  12:16  Zealot  
  79  12:19  Probe  
  79  12:20  Probe, Zealot  
  85  12:23  Zealot  
  85  12:24  Probe  
  85  12:27  High Templar  
  85  12:29  Immortal, Probe  
  94  12:32  Probe  
  94  12:36  Stalker, Probe  
  90  12:37  Probe  
  90  12:40  High Templar  
  90  12:42  Zealot  
  90  12:44  Zealot  
  96  12:45  Probe x2  
  96  12:48  Probe  
  96  12:49  Archon  
  98  12:53  Zealot  
  98  12:55  Stalker  
  98  12:57  Probe  
  98  12:58  High Templar, Probe  
  103  13:00  Pylon  
  103  13:01  Probe  
  103  13:04  Zealot  
  104  13:09  Probe, Stalker  
  104  13:10  Probe  
  106  13:13  Zealot, Probe  
  106  13:17  Stalker  
  97  13:21  Probe  
  97  13:22  Probe  
  97  13:24  Stalker  
  97  13:25  Probe  
  86  13:31  Stalker  
  86  13:32  Sentry, Probe  
  86  13:33  Zealot  
  77  13:34  Probe  
  77  13:37  Probe  
  77  13:40  Sentry, Probe  
  69  13:44  Observer  
  69  13:46  Probe  
  69  13:47  Zealot  
  69  13:48  Probe  
  62  13:49  Probe  
  62  13:50  High Templar  
  62  13:52  Stalker  
  62  13:53  Zealot  
  68  13:58  Probe  
  68  13:59  Probe  
  57  14:02  Zealot  
  57  14:07  Sentry  
  57  14:09  High Templar  
  56  14:10  Probe  
  56  14:11  Probe  
  56  14:13  Sentry  
  55  14:17  Adept  
  55  14:23  Zealot, Probe  
  56  14:30  Stalker  
  54  14:34  Archon  
  54  14:36  High Templar, Probe  
  54  14:37  Adept  
  57  14:42  Stalker  
  57  14:43  High Templar  
  60  15:01  Probe  
  61  15:09  Stalker, Archon  
  61  15:10  High Templar  
  61  15:13  Probe  
  66  15:17  High Templar  
  68  15:24  Stalker  
  68  15:25  Probe  
  71  15:31  Archon  
  71  15:32  High Templar  
  71  15:34  Stalker  
  75  15:37  Probe  
  75  15:42  High Templar  
  72  15:47  Stalker  
  72  15:49  Probe  
  67  15:54  Adept  
  57  15:58  High Templar  
  51  16:04  Sentry  
  51  16:07  Zealot  
  53  16:12  Archon  
  53  16:15  High Templar  
  53  16:18  Zealot  
  57  16:23  High Templar, Probe  
  60  16:28  Adept  
  62  16:40  Probe  
  62  16:44  Stalker  
  65  16:50  Probe  
  66  16:57  High Templar, Archon  
  68  17:05  High Templar  
  70  17:19  Probe  
  71  17:31  Probe  
  72  17:39  Archon  
  68  17:44  Zealot x2  
  68  17:45  Stalker x2  
  68  18:20  Zealot  
  38  18:41  Adept  
  40  19:19  Sentry, Stalker  
  40  19:22  Zealot  
  46  19:48  Nexus  
  45  20:30  Zealot  
  43  20:56  Zealot  
  41  21:00  Adept  
  41  21:01  Zealot  
  41  21:04  Zealot x2, Adept  
  28  21:15  Zealot  
  18  21:28  Zealot  
  18  21:30  Probe  
  2  21:42  Probe  
Show
View Real Time Build Order
Export as new Build Order

Cheater 6 (Insane) Protoss 

Build Orders: 1 Gate Expand, Archon Immortal 

Get SALT Encoding   

  12  0:01  Probe  
  13  0:13  Probe  
  14  0:17  Pylon  
  14  0:25  Probe  
  15  0:33  Probe  
  15  0:40  Assimilator  
  15  0:41  Probe  
  16  0:45  Gateway  
  17  0:51  Probe  
  17  0:53  Pylon  
  18  0:59  Probe  
  19  1:08  Probe  
  19  1:18  Probe  
  21  1:29  Gateway  
  21  1:30  Probe  
  21  1:32  Nexus  
  22  1:40  Zealot  
  22  1:42  Probe  
  25  1:54  Cybernetics Core  
  25  1:55  Pylon  
  25  1:58  Probe, Zealot  
  26  2:06  Assimilator  
  28  2:10  Probe  
  30  2:22  Probe  
  30  2:23  Pylon  
  30  2:29  Warp Gate  
  30  2:30  Adept x2  
  30  2:35  Probe  
  35  2:39  Probe  
  36  2:47  Probe, Pylon  
  36  2:48  Probe  
  37  2:53  Adept  
  37  2:58  Robotics Facility, Probe  
  38  2:59  Probe  
  38  3:01  Sentry  
  44  3:10  Forge  
  44  3:17  Probe  
  44  3:19  Probe, Stalker  
  50  3:27  Sentry  
  50  3:29  Probe  
  50  3:31  Probe  
  52  3:39  Gateway  
  52  3:40  Adept  
  52  3:41  Probe  
  52  3:43  Probe  
  52  3:45  Photon Cannon, Immortal  
  52  3:47  Photon Cannon  
  58  3:51  Pylon  
  58  3:53  Adept  
  58  3:54  Probe  
  58  3:55  Probe  
  64  4:01  Stalker  
  64  4:05  Robotics Facility  
  64  4:06  Probe  
  64  4:07  Probe  
  68  4:18  Probe  
  68  4:19  Probe  
  68  4:21  Pylon  
  68  4:24  Pylon  
  70  4:25  Immortal  
  70  4:30  Probe, Stalker  
  77  4:31  Probe  
  77  4:34  Gateway  
  78  4:39  Stalker  
  78  4:40  Stalker  
  78  4:42  Probe  
  78  4:43  Probe  
  82  4:49  Pylon  
  82  4:52  Immortal  
  78  4:53  Stalker  
  78  4:58  Adept  
  82  5:02  Forge, Stalker  
  82  5:04  Immortal  
  88  5:12  Adept  
  88  5:17  Stalker  
  88  5:18  Pylon  
  90  5:23  Stalker, Probe  
  90  5:24  Assimilator  
  90  5:27  Adept  
  95  5:31  Twilight Council  
  95  5:32  Observer  
  95  5:33  Assimilator, Zealot  
  95  5:34  Pylon  
  98  5:39  Zealot x2  
  102  5:47  Probe  
  102  5:48  Zealot, Probe  
  102  5:53  Zealot  
  94  5:58  Zealot, Pylon  
  94  5:59  Zealot, Probe  
  94  6:01  Probe  
  98  6:07  Photon Cannon  
  98  6:08  Zealot  
  98  6:10  Templar Archives  
  100  6:11  Zealot, Probe  
  100  6:13  Zealot  
  100  6:14  Pylon  
  105  6:19  Stalker  
  105  6:23  Photon Cannon  
  107  6:26  Warp Prism  
  107  6:27  Gateway  
  107  6:28  Stalker  
  107  6:30  Zealot  
  107  6:32  Warp Prism  
  115  6:34  Zealot  
  115  6:35  Zealot, Pylon  
  119  6:44  Protoss Ground Weapons Level 1  
  119  6:50  Zealot  
  119  6:51  High Templar, Pylon  
  119  6:52  Forge, Zealot  
  119  6:54  Zealot  
  127  6:56  Pylon  
  127  7:00  Photon Cannon  
  127  7:02  Observer  
  127  7:03  Pylon  
  127  7:07  Zealot  
  131  7:08  Observer  
  131  7:10  High Templar  
  131  7:12  Stargate  
  131  7:14  Zealot  
  135  7:16  Archon  
  135  7:21  High Templar  
  135  7:22  Zealot  
  139  7:23  Warp Prism, Zealot, Pylon  
  139  7:27  Photon Cannon  
  139  7:29  Charge  
  143  7:34  High Templar  
  145  7:37  Adept  
  145  7:39  Protoss Ground Armor Level 1  
  145  7:41  Archon  
  145  7:42  Stalker  
  145  7:44  Sentry  
  151  7:46  Pylon  
  151  7:53  High Templar x2  
  155  8:00  Archon  
  155  8:03  Photon Cannon  
  155  8:06  Stalker  
  155  8:07  High Templar  
  155  8:08  High Templar  
  155  8:12  Pylon  
  160  8:16  Archon  
  160  8:17  High Templar  
  162  8:26  High Templar  
  163  8:33  Stalker  
  165  8:34  Archon  
  165  8:38  Pylon  
  165  8:39  Stalker  
  165  8:41  Zealot, Phoenix  
  163  8:51  Zealot  
  155  8:58  Photon Cannon  
  155  8:59  Zealot  
  155  9:00  Adept  
  155  9:02  Adept  
  151  9:06  Immortal, Phoenix  
  151  9:07  Immortal  
  153  9:11  Zealot  
  153  9:12  Zealot  
  151  9:19  Zealot  
  151  9:21  Zealot  
  151  9:22  Zealot  
  151  9:23  Phoenix  
  143  9:32  Zealot x2  
  142  9:40  Immortal, Zealot  
  142  9:41  Stalker  
  142  9:43  Zealot  
  152  9:45  Immortal  
  152  9:46  Phoenix  
  152  9:52  Zealot, Adept  
  162  10:00  Zealot  
  162  10:04  Stalker, Zealot  
  168  10:09  Immortal  
  168  10:10  Phoenix  
  168  10:12  Sentry  
  168  10:13  Zealot  
  174  10:17  Protoss Ground Weapons Level 2  
  174  10:20  Stalker  
  180  10:25  Stalker  
  182  10:28  Immortal  
  182  10:30  Stalker, Blink  
  188  10:35  Phoenix  
  190  10:54  Immortal  
  194  11:00  Phoenix  
  196  11:14  Protoss Ground Armor Level 2  
  196  11:20  Zealot  
  196  11:22  Immortal, Zealot  
  196  11:24  Zealot  
  194  11:25  Zealot, Phoenix  
  194  11:26  Zealot  
  178  11:40  Zealot  
  178  11:42  Sentry  
  178  11:43  Zealot  
  178  11:44  Zealot  
  178  11:46  Zealot  
  178  11:57  Zealot  
  178  12:00  High Templar  
  168  12:05  High Templar, Stalker  
  168  12:06  Zealot  
  168  12:16  Zealot  
  170  12:22  Adept  
  170  12:28  Zealot  
  170  12:33  Stalker  
  170  12:36  Protoss Ground Weapons Level 3, Zealot  
  170  12:37  Stalker, Zealot  
  170  12:42  Void Ray  
  174  12:49  Zealot  
  174  12:51  Protoss Shields Level 1  
  168  12:54  Zealot  
  168  12:56  Zealot  
  168  12:57  Zealot x2  
  172  13:02  Psionic Storm  
  172  13:06  Archon  
  176  13:25  Void Ray  
  176  14:02  Phoenix  
  178  14:21  Warp Prism  
  180  14:30  Warp Prism  
  186  14:33  Void Ray  
  186  14:58  Immortal  
  190  15:06  Warp Prism  
  192  15:07  Void Ray  
  178  15:21  Protoss Air Weapons Level 1, Zealot  
  177  15:32  Immortal  
  175  15:37  Immortal  
  179  15:43  Phoenix  
  159  16:05  Warp Prism  
  159  16:13  Photon Cannon  
  159  16:14  Void Ray  
  159  16:15  Stalker  
  159  16:16  Robotics Bay, Warp Prism  
  161  16:24  Pylon  
  160  16:36  Warp Prism, Zealot  
  160  16:38  Stalker  
  160  16:41  Warp Prism  
  160  16:42  Zealot  
  160  16:43  Zealot  
  160  16:44  Stalker  
  170  16:56  Void Ray  
  170  16:58  Zealot  
  170  17:01  Stalker  
  162  17:02  Zealot  
  162  17:04  Stalker  
  162  17:08  Stalker  
  146  17:12  Colossus  
  150  17:17  Immortal  
  150  17:19  Stalker  
  146  17:23  Zealot  
  146  17:24  Zealot  
  146  17:29  Zealot  
  130  17:30  Void Ray  
  130  17:33  Zealot  
  136  17:42  Zealot  
  138  17:45  Zealot x2  
  142  17:57  Immortal  
  146  18:05  Colossus  
  156  18:13  Void Ray  
  156  18:16  Zealot x2  
  156  18:17  Zealot  
  162  18:26  Colossus  
  162  18:31  Zealot  
  162  18:33  Zealot  
  165  18:36  Zealot  
  165  18:37  Zealot  
  175  18:41  Stalker  
  177  18:48  Stalker  
  177  18:50  Phoenix  
  181  18:59  Warp Prism  
  183  19:15  Phoenix  
  184  19:19  Immortal  
  188  19:25  Warp Prism  
  136  19:46  Void Ray, Adept  
  136  19:47  Adept  
  136  19:52  Zealot  
  138  19:59  Immortal  
  138  20:01  Immortal, Zealot x2  
  146  20:08  Zealot x2  
  146  20:12  Zealot  
  152  20:16  Zealot  
  154  20:22  Stalker  
  153  20:29  Void Ray, Stalker x2  
  153  20:30  Immortal  
  153  20:32  Stalker  
  149  20:36  Immortal  
  97  21:18  Probe  
  97  21:19  Probe  
  92  21:30  Probe  
  92  21:31  Probe  
  64  21:59  Probe  
Show
View Real Time Build Order
Export as new Build Order

Cheater 5 (Insane) Terran 

Build Orders:  

Get SALT Encoding   

  12  0:08  Supply Depot  
  12  0:11  SCV  
  13  0:36  Barracks  
  13  0:38  Barracks  
  13  0:47  SCV  
  13  0:48  Barracks  
  14  1:00  SCV  
  15  1:13  Barracks  
  15  1:23  Marine  
  15  1:24  Marine  
  17  1:34  Marine  
  17  1:35  Supply Depot  
  18  1:41  Marine  
  18  1:42  Marine  
  20  1:52  Marine  
  21  1:59  Marine x2  
  21  2:00  Marine  
  24  2:10  Marine  
  25  2:17  Marine x2  
  25  2:18  Marine, Supply Depot  
  28  2:28  Marine  
  29  2:34  Marine  
  29  2:35  Marine  
  31  2:39  Marine  
  32  2:46  Marine  
  33  2:52  Marine  
  33  2:53  Marine  
  33  2:55  Refinery  
  33  2:56  SCV  
  35  3:08  SCV  
  36  3:21  SCV  
  36  3:24  Refinery  
  37  3:33  SCV  
  31  3:45  SCV  
  30  3:57  SCV  
  16  4:26  Supply Depot  
Show
View Real Time Build Order
Export as new Build Order

Cheater 4 (Insane) Zerg 

Build Orders: Pool First 

Get SALT Encoding   

  12  0:01  Drone  
  13  0:11  Overlord  
  13  0:14  Drone  
  14  0:29  Drone x2  
  14  0:33  Drone  
  17  0:42  Spawning Pool  
  16  0:44  Drone  
  17  1:01  Hatchery  
  16  1:04  Drone  
  16  1:07  Extractor  
  16  1:08  Drone  
  17  1:11  Extractor  
  17  1:16  Drone  
  17  1:27  Drone  
  18  1:37  Drone  
  19  1:48  Overlord  
  19  2:03  Drone  
  16  2:09  Drone  
Show
View Real Time Build Order
Export as new Build Order

ChubbyMom Terran - Winner!

Build Orders: 2 Factory 

Get SALT Encoding   

  12  0:12  Supply Depot  
  12  0:15  SCV  
  13  0:24  Refinery  
  13  0:28  SCV  
  14  0:42  Barracks  
  14  0:46  SCV  
  15  0:58  SCV  
  16  1:11  Refinery  
  16  1:15  SCV  
  17  1:28  SCV  
  18  1:37  Factory  
  18  1:46  SCV  
  19  1:49  Marine  
  20  1:58  SCV  
  21  2:06  Supply Depot  
  21  2:14  SCV  
  22  2:32  Factory Tech Lab  
  22  2:38  Marine  
  22  2:39  Starport  
  23  2:47  Bunker  
  23  2:50  SCV  
  24  2:56  Marine  
  25  3:00  Engineering Bay  
  25  3:05  Siege Tank  
  28  3:06  Infernal Pre-Igniter  
  28  3:23  Marine, Factory  
  29  3:32  Bunker  
  29  3:33  SCV  
  30  3:57  Supply Depot  
  30  4:05  Supply Depot  
  30  4:11  Factory Tech Lab  
  30  4:18  Medivac  
  30  4:21  Siege Tank  
  30  4:24  Marine  
  36  4:25  Mag-Field Accelerator  
  36  4:41  Siege Tank  
  39  4:52  Marine  
  40  4:58  Siege Tank  
  43  5:00  SCV  
  43  5:05  Starport Tech Lab  
  44  5:12  Supply Depot  
  44  5:27  Marine  
  45  5:33  Siege Tank  
  48  5:45  Marine, Bunker  
  42  6:00  Command Center  
  42  6:04  Siege Tank  
  45  6:16  Siege Tank  
  48  6:25  Missile Turret  
  48  6:34  Missile Turret  
  48  6:37  Medivac  
  50  6:46  Marine  
  51  7:01  Refinery  
  51  7:04  Marine  
  52  7:09  Bunker  
  52  7:21  Marine, SCV  
  54  7:25  Supply Depot  
  54  7:33  SCV  
  55  7:38  SCV  
  55  7:39  Marine  
  57  7:45  Missile Turret  
  57  7:50  SCV  
  58  7:57  Marine  
  59  7:59  Missile Turret  
  59  8:01  Siege Tank  
  59  8:02  SCV  
  63  8:15  Marine  
  64  8:24  Fusion Core  
  67  8:27  Siege Tank  
  67  8:33  Marine  
  68  8:41  Barracks  
  68  8:44  SCV, Refinery  
  69  8:50  Marine  
  70  8:56  SCV  
  71  9:08  Marine, SCV  
  73  9:31  Command Center  
  73  9:50  Siege Tank  
  76  9:55  Orbital Command  
  76  10:07  Supply Depot  
  76  10:14  Bunker  
  76  10:22  Bunker  
  76  10:26  Missile Turret  
  76  10:28  Siege Tank  
  79  10:44  SCV  
  79  10:46  Refinery  
  80  10:56  SCV  
  81  11:04  Marine  
  81  11:06  Bunker  
  81  11:08  SCV  
  83  11:18  Supply Depot  
  83  11:20  Battlecruiser, SCV  
  83  11:22  Marine  
  85  11:32  SCV  
  72  11:40  Marine  
  73  11:48  Bunker  
  73  11:57  Marine  
  65  12:15  Marine  
  66  12:40  Siege Tank  
  66  12:41  Siege Tank  
  66  12:43  Marine  
  73  12:47  SCV  
  74  12:52  Marine  
  74  12:58  Bunker  
  75  12:59  SCV  
  75  13:00  Marine  
  77  13:09  Marine  
  77  13:11  SCV  
  77  13:12  SCV  
  80  13:22  Battlecruiser  
  80  13:23  SCV  
  80  13:24  SCV  
  88  13:27  Marine  
  88  13:32  Starport  
  89  13:35  SCV  
  89  13:36  SCV  
  89  13:38  Siege Tank  
  97  13:41  Siege Tank  
  97  13:44  Rapid Reignition System  
  97  13:45  Marine  
  99  13:48  SCV  
  99  14:00  Bunker, SCV  
  99  14:02  Bunker  
  100  14:03  Marine  
  101  14:10  Siege Tank  
  101  14:12  SCV  
  101  14:13  Siege Tank  
  108  14:21  Marine  
  109  14:24  Missile Turret  
  109  14:37  SCV  
  110  14:39  Marine  
  110  14:41  Advanced Ballistics  
  110  14:43  Medivac  
  113  14:49  SCV  
  114  14:57  Marine  
  115  15:01  SCV  
  116  15:12  SCV  
  116  15:13  Medivac  
  119  15:15  Marine  
  120  15:23  Refinery  
  120  15:24  SCV  
  121  15:32  Marine  
  122  15:40  Siege Tank x2  
  128  15:43  Medivac  
  130  15:50  Marine  
  130  15:55  Bunker  
  131  16:08  Marine  
  132  16:13  Medivac  
  134  16:25  Bunker  
  134  18:08  Battlecruiser  
  134  18:10  Starport Tech Lab  
  140  18:28  Missile Turret  
  140  18:50  Marine  
  141  18:59  Missile Turret  
  141  19:33  Marine x2  
  141  19:34  Battlecruiser  
  149  19:42  Battlecruiser  
  153  19:51  Marine x2  
  155  20:09  Marine x2  
  157  20:26  Supply Depot  
  157  20:27  Marine x2  
  159  20:30  Orbital Command  
  159  20:38  Battlecruiser  
  165  20:48  Battlecruiser, Marine  
  172  20:50  Supply Depot  
  172  21:06  Marine  
  172  21:23  Marine  
Show
View Real Time Build Order
Export as new Build Order

Chubbyoda Protoss - Winner!

Build Orders:  

Get SALT Encoding   

  12  0:10  Pylon  
  12  0:29  Gateway  
  12  0:33  Assimilator  
  12  0:38  Assimilator  
  12  0:40  Probe  
  13  0:53  Probe  
  14  1:06  Probe  
  15  1:16  Cybernetics Core  
  15  1:18  Zealot (Chrono Boost)  
  17  1:36  Zealot (Chrono Boost)  
  17  1:37  Probe  
  20  1:55  Stargate  
  20  2:16  Probe  
  21  2:28  Protoss Air Weapons Level 1, Probe  
  22  2:56  Pylon  
  22  3:02  Pylon  
  22  3:19  Void Ray  
  26  4:02  Void Ray  
  26  4:45  Void Ray (Chrono Boost)  
  30  5:21  Void Ray (Chrono Boost)  
  30  5:43  Nexus  
  34  6:01  Void Ray  
  34  6:18  Pylon  
  34  6:21  Forge  
  34  6:26  Protoss Air Armor Level 1  
  38  6:44  Void Ray (Chrono Boost)  
  38  6:47  Pylon  
  38  7:16  Probe (Chrono Boost)  
  43  7:23  Void Ray (Chrono Boost)  
  43  7:27  Probe (Chrono Boost)  
  44  7:31  Probe (Chrono Boost)  
  45  7:42  Pylon  
  45  7:43  Probe  
  46  7:55  Probe  
  51  8:00  Void Ray  
  51  8:05  Photon Cannon  
  51  8:10  Shield Battery  
  51  8:14  Probe (Chrono Boost)  
  52  8:24  Probe (Chrono Boost)  
  53  8:29  Probe (Chrono Boost)  
  58  8:43  Void Ray  
  50  9:50  Pylon  
  50  10:01  Pylon  
  50  10:04  Nexus  
  50  10:11  Photon Cannon  
  50  10:13  Photon Cannon  
  50  10:17  Photon Cannon  
  50  10:22  Photon Cannon  
  50  10:24  Shield Battery  
  50  10:50  Cybernetics Core  
  50  11:00  Shield Battery  
  50  11:04  Photon Cannon  
  46  11:08  Shield Battery  
  46  11:26  Photon Cannon  
  38  12:04  Photon Cannon  
  38  12:25  Probe (Chrono Boost)  
  38  12:28  Void Ray  
  35  12:35  Probe (Chrono Boost)  
  36  12:40  Probe (Chrono Boost)  
  33  12:51  Probe  
  33  12:52  Stargate  
  34  13:03  Probe  
  35  13:11  Photon Cannon  
  35  13:18  Shield Battery  
  43  13:41  Void Ray  
  43  13:42  Void Ray  
  43  13:54  Photon Cannon  
  43  13:58  Photon Cannon  
  43  14:02  Shield Battery  
  43  14:11  Protoss Shields Level 1  
  43  14:14  Probe  
  52  14:24  Void Ray  
  52  14:25  Void Ray  
  52  14:42  Nexus  
  56  15:07  Void Ray  
  56  15:16  Assimilator  
  56  15:21  Assimilator  
  56  15:26  Fleet Beacon  
  56  16:00  Probe (Chrono Boost)  
  57  16:10  Probe (Chrono Boost)  
  50  16:15  Probe (Chrono Boost)  
  35  16:20  Carrier (Chrono Boost)  
  41  16:26  Void Ray (Chrono Boost), Probe  
  38  16:38  Probe  
  39  16:47  Assimilator  
  39  16:49  Assimilator  
  43  17:02  Void Ray  
  43  17:12  Probe (Chrono Boost)  
  44  17:22  Probe (Chrono Boost)  
  45  17:27  Probe (Chrono Boost)  
  50  17:34  Void Ray  
  50  17:38  Probe  
  55  17:45  Void Ray  
  55  17:50  Probe  
  56  18:00  Assimilator x2  
  56  18:26  Probe  
  57  18:34  Pylon  
  67  18:38  Void Ray  
  65  18:43  Void Ray  
  65  18:45  Pylon  
  65  18:56  Probe (Chrono Boost)  
  66  19:07  Probe (Chrono Boost)  
  67  19:12  Probe (Chrono Boost)  
  72  19:21  Void Ray  
  72  19:23  Probe  
  77  19:25  Protoss Air Weapons Level 2  
  77  19:26  Void Ray  
  77  19:35  Probe  
  77  19:36  Cybernetics Core  
  78  19:40  Photon Cannon  
  78  19:41  Photon Cannon  
  78  19:43  Photon Cannon  
  78  19:46  Shield Battery  
  78  19:50  Shield Battery  
  78  19:58  Cybernetics Core  
  78  20:05  Photon Cannon  
  78  20:06  Photon Cannon  
  82  20:09  Void Ray  
  82  20:11  Shield Battery  
  82  20:12  Shield Battery  
  86  20:32  Void Ray  
  94  21:27  Void Ray (Chrono Boost)  
  94  21:28  Void Ray (Chrono Boost)  
  94  21:41  Twilight Council  
  98  22:12  Pylon x2  
  98  22:14  Pylon x2  
  98  22:16  Pylon  
  98  22:18  Pylon  
Show
View Real Time Build Order
Export as new Build Order

Solo Protoss - Winner!

Build Orders:  

Get SALT Encoding   

  12  0:01  Probe (Chrono Boost)  
  13  0:11  Probe (Chrono Boost)  
  14  0:16  Probe (Chrono Boost)  
  15  0:24  Pylon  
  16  0:42  Probe  
  16  0:44  Forge  
  16  0:54  Probe  
  17  0:58  Gateway  
  17  1:07  Probe  
  18  1:12  Pylon  
  18  1:18  Pylon  
  18  1:19  Probe  
  19  1:26  Pylon  
  19  1:31  Probe  
  20  1:36  Photon Cannon  
  20  1:41  Pylon  
  20  1:46  Pylon  
  20  1:54  Photon Cannon  
  20  2:04  Photon Cannon  
  20  2:16  Photon Cannon  
  20  2:21  Pylon  
  20  2:26  Pylon  
  20  2:41  Cybernetics Core  
  20  2:51  Photon Cannon  
  20  2:57  Photon Cannon  
  20  3:01  Photon Cannon  
  20  3:07  Photon Cannon  
  20  3:15  Photon Cannon  
  20  3:36  Nexus  
  20  3:43  Pylon  
  20  4:20  Shield Battery  
  20  4:25  Shield Battery  
  20  4:29  Shield Battery  
  18  4:52  Probe  
  9  5:04  Probe  
  10  5:16  Probe  
  11  5:23  Forge  
  11  5:53  Probe (Chrono Boost)  
  13  6:04  Probe (Chrono Boost), Gateway  
  13  6:08  Probe (Chrono Boost)  
  14  6:19  Photon Cannon  
  14  6:20  Probe  
  15  6:28  Photon Cannon  
  15  6:32  Probe  
  16  6:44  Pylon  
  16  6:49  Assimilator  
  16  6:52  Assimilator  
  16  6:57  Cybernetics Core  
  16  7:14  Photon Cannon  
  16  7:17  Photon Cannon  
  16  7:32  Photon Cannon  
  16  7:47  Shield Battery  
  16  7:55  Shield Battery  
  16  8:05  Nexus  
  16  8:12  Photon Cannon  
  16  8:15  Photon Cannon  
  16  8:25  Photon Cannon  
  16  8:35  Photon Cannon  
  16  9:03  Photon Cannon  
  16  9:13  Pylon  
  16  9:26  Photon Cannon  
  16  9:29  Photon Cannon  
  16  9:34  Photon Cannon  
  16  9:47  Photon Cannon  
  16  9:50  Probe (Chrono Boost)  
  18  10:00  Probe (Chrono Boost)  
  18  10:05  Probe (Chrono Boost)  
  19  10:16  Probe  
  19  10:19  Photon Cannon  
  21  10:28  Probe  
  21  10:30  Photon Cannon  
  21  10:35  Shield Battery  
  21  10:44  Probe (Chrono Boost)  
  22  10:51  Assimilator  
  22  10:54  Probe (Chrono Boost)  
  23  10:59  Probe (Chrono Boost)  
  24  11:11  Photon Cannon  
  24  11:17  Shield Battery  
  24  11:22  Stargate  
  24  11:35  Stargate  
  24  11:53  Probe (Chrono Boost)  
  25  12:03  Probe (Chrono Boost)  
  25  12:04  Stargate  
  26  12:08  Probe (Chrono Boost)  
  26  12:12  Pylon  
  27  12:19  Probe  
  28  12:23  Assimilator  
  28  12:32  Probe  
  37  12:38  Void Ray  
  37  12:40  Void Ray  
  41  13:06  Void Ray  
  49  13:21  Void Ray  
  49  13:23  Void Ray  
  49  14:13  Nexus  
  49  14:27  Photon Cannon  
  49  14:30  Photon Cannon  
  49  14:33  Photon Cannon  
  49  14:38  Photon Cannon  
  49  14:47  Fleet Beacon  
  49  14:51  Pylon  
  49  14:55  Pylon  
  49  15:05  Pylon  
  49  15:08  Pylon  
  49  15:10  Protoss Shields Level 1  
  53  15:26  Void Ray  
  53  15:28  Assimilator, Protoss Air Armor Level 1  
  53  15:34  Assimilator  
  53  15:38  Probe (Chrono Boost)  
  54  15:48  Probe (Chrono Boost)  
  55  15:53  Probe (Chrono Boost)  
  40  16:04  Probe  
  45  16:13  Void Ray x2  
  45  16:16  Probe  
  46  16:33  Photon Cannon  
  46  16:38  Photon Cannon  
  46  16:45  Flux Vanes  
  50  16:59  Void Ray  
  50  17:00  Void Ray  
  62  17:44  Void Ray  
  62  17:45  Void Ray  
  66  17:57  Void Ray  
  66  18:08  Probe (Chrono Boost)  
  67  18:18  Probe (Chrono Boost)  
  68  18:23  Probe (Chrono Boost)  
  65  18:34  Probe  
  65  18:41  Void Ray x2  
  78  18:43  Void Ray  
  78  18:46  Probe  
  79  19:03  Probe (Chrono Boost)  
  80  19:13  Probe (Chrono Boost)  
  80  19:14  Pylon  
  81  19:18  Twilight Council  
  89  19:24  Void Ray x2  
  89  19:25  Robotics Facility  
  93  19:36  Void Ray  
  93  19:42  Probe (Chrono Boost)  
  94  19:52  Probe (Chrono Boost)  
  99  20:07  Void Ray  
  95  21:10  Void Ray x3  
  115  21:57  Nexus  
  115  22:03  Pylon  
Show
View Real Time Build Order
Export as new Build Order

AuhAuh Terran - Winner!

Build Orders:  

Get SALT Encoding   

  12  0:00  SCV  
  13  0:12  SCV  
  14  0:16  Supply Depot  
  14  0:25  SCV  
  15  0:38  SCV  
  16  0:48  Barracks  
  16  0:50  SCV  
  17  1:00  Barracks  
  17  1:09  Barracks  
  17  1:21  Barracks  
  17  1:38  Marine  
  18  1:47  Marine  
  18  1:51  Bunker  
  19  1:56  Marine  
  19  2:00  Marine  
  20  2:05  Marine  
  21  2:09  Marine  
  21  2:14  Marine  
  21  2:15  Bunker  
  23  2:23  Marine  
  23  2:24  Supply Depot  
  19  2:41  Marine x4  
  22  2:59  Marine x4, Supply Depot  
  26  3:16  Marine  
  26  3:17  Marine x3  
  29  3:34  Marine x3  
  29  3:35  Marine  
  33  3:52  Marine x3  
  33  3:53  Marine  
  37  4:10  Marine x3  
  37  4:13  Marine  
  39  4:19  Supply Depot  
  39  4:36  Marine  
  39  4:38  Marine  
  39  4:39  Marine  
  39  4:40  Marine  
  39  4:42  Supply Depot  
  26  4:54  Marine  
  26  4:55  Marine  
  26  4:56  Marine  
  26  4:58  Marine  
  24  5:02  Orbital Command  
  24  5:06  Refinery  
  24  5:12  Marine  
  24  5:13  Marine  
  26  5:14  Marine  
  26  5:16  Marine  
  28  5:30  Marine  
  28  5:31  Marine  
  28  5:32  Marine  
  28  5:33  Marine  
  28  5:35  SCV  
  33  5:47  SCV  
  28  5:59  SCV  
  19  6:14  Refinery  
  19  6:41  Factory  
  19  6:43  Barracks  
  19  6:45  Barracks  
  19  6:46  Barracks  
  19  6:52  SCV  
  20  6:55  Marine x4  
  24  7:04  SCV, Factory  
  25  7:13  Marine x4  
  29  7:16  SCV  
  30  7:26  Factory Tech Lab  
  30  7:27  Starport  
  30  7:28  SCV  
  31  7:30  Marine  
  31  7:31  Marine x3  
  31  7:33  Barracks Tech Lab  
  31  7:35  Barracks Reactor  
  35  7:40  SCV  
  36  7:48  Marine  
  37  8:02  Factory Tech Lab  
  37  8:08  Command Center  
  37  8:13  Marine x3  
  37  8:14  Marine  
  37  8:18  Marine  
  42  8:20  Marine  
  43  8:31  Marine x5  
  48  8:36  Marine  
  48  8:37  Marine  
  32  9:09  Siege Tank x2  
  37  9:10  Starport Reactor  
  37  9:13  SCV  
  38  9:19  Stimpack  
  38  9:25  SCV, Refinery  
  38  9:31  SCV  
  40  9:38  SCV  
  41  9:43  SCV  
  42  9:50  SCV  
  43  9:53  Marine x3  
  43  9:54  Marine  
  43  9:55  Marine, SCV  
  49  10:01  Medivac  
  49  10:02  Medivac, SCV  
  52  10:07  SCV  
  54  10:14  SCV  
  54  10:19  SCV  
  54  10:20  Siege Tank x2  
  61  10:22  Marine x6  
  61  10:23  Marine  
  61  10:26  SCV  
  69  10:34  Supply Depot  
  70  10:37  Supply Depot  
  70  10:38  Orbital Command, SCV  
  70  10:45  Supply Depot  
  70  10:56  Marine x2  
  72  10:58  Siege Tank  
  72  10:59  Combat Shield  
  75  11:06  Medivac  
  75  11:09  Supply Depot  
  77  11:15  Refinery  
  77  11:17  SCV x2  
  67  11:29  SCV x2  
  46  11:40  Siege Tank x2  
  46  11:44  Marine x3  
  55  11:57  Liberator  
  58  12:01  Marine  
  58  12:02  Marine x2  
  58  12:08  Liberator  
  64  12:16  Barracks  
  64  12:17  Barracks  
  64  12:19  Marine  
  64  12:20  Marine x2, Barracks  
  67  12:51  Starport  
  65  12:58  Liberator x2  
  71  13:14  Barracks Reactor x2  
  71  13:15  Barracks Reactor  
  71  13:22  Marine  
  71  13:23  Marine x2  
  74  13:28  Starport  
  74  13:29  Starport Reactor  
  74  13:40  Marine x3  
  77  13:42  Siege Tank  
  77  13:43  Liberator  
  83  13:58  Marine x3  
  86  14:09  Marine x6  
  92  14:12  Supply Depot  
  92  14:13  Supply Depot  
  92  14:15  Marine  
  92  14:16  Marine  
  94  14:31  Starport Reactor  
  94  14:34  Medivac x2, Siege Tank, Marine x6, Liberator  
  94  14:35  Supply Depot  
  110  14:51  Command Center  
  110  14:56  Marine x5, Liberator  
  118  15:07  Supply Depot  
  118  15:09  Marine x2  
  118  15:11  Marine x2  
  118  15:13  Medivac  
  117  15:14  Marine  
  117  15:17  Marine x4  
  117  15:18  Medivac  
  109  15:27  Marine  
  108  15:29  Marine  
  108  15:33  Marine  
  108  15:34  Marine x6  
  116  15:45  Marine  
  116  15:46  Marine  
  116  15:49  Medivac x3  
  124  15:51  Marine  
  124  15:52  Marine  
  126  16:02  Marine  
  126  16:14  Marine x8  
  126  16:16  Supply Depot  
  134  16:20  Marine  
  135  16:27  Liberator  
  135  16:32  Marine x8  
  146  16:35  Barracks Reactor  
  146  16:37  Marine  
  146  16:38  Supply Depot  
  147  16:40  Barracks Reactor  
  147  16:44  Barracks Reactor  
  147  16:50  Marine x8  
  154  16:55  Marine  
  145  17:01  Supply Depot  
  145  17:08  Marine x8  
  147  17:11  Marine x2  
  147  17:13  Marine  
  133  17:23  Supply Depot  
  133  17:25  Marine x2  
  133  17:26  Marine x6  
  133  17:28  Marine  
  133  17:29  Marine x5  
  136  17:31  Marine  
  138  17:43  Marine x8  
  146  17:46  Supply Depot  
  146  18:07  Medivac  
  146  18:08  Medivac  
  146  18:10  Supply Depot  
  150  18:23  Orbital Command  
  132  19:12  Orbital Command  
  132  19:16  Marine x2  
  132  19:17  Marine x5  
  93  19:51  Marine  
  93  19:52  Marine x14  
  104  20:09  Marine x5  
  104  20:10  Marine x10  
  119  20:27  Marine  
  120  20:29  Marine  
  120  20:30  Marine x13  
  134  20:44  Marine  
  134  20:47  Marine x4  
  134  20:48  Marine x10  
  149  21:13  Marine x12  
  149  21:14  Marine x3  
  164  21:21  Medivac  
  166  21:30  Marine  
  166  21:31  Marine x8  
  170  21:54  Marine x8  
  169  21:55  Marine x7  
Tags
 
Add a new tag
Caveats
  • Supply blocks, unpowered buildings, or Contaminate may cause inaccurate times.
  • Supply counts are checked every 10 seconds.